 Dungeon Crawl Stone Soup version 0.27-a0-79-gcaaa221d37 (webtiles) character file.

Game seed: 15904639437594618946

32 dickylongcocking the Grave Robber (level 3, -4/19 HPs)
             Began as a Deep Elf Necromancer on Jan 15, 2021.
             Slain by a leopard gecko (5 damage)
             ... on level 1 of the Dungeon.
             The game lasted 00:00:51 (1229 turns).

dickylongcocking the Grave Robber (DENe)            Turns: 1229, Time: 00:00:52

Health: -4/19      AC:  3    Str:  5    XL:     3   Next: 10%
Magic:  0/10       EV: 13    Int: 20    God:
Gold:   41         SH:  0    Dex: 15    Spells: 9/10 levels left

rFire    . . .     SeeInvis .   g - +0 dagger
rCold    . . .     Faith    .   (no shield)
rNeg     . . .     Spirit   .   a - +0 robe
rPois    .         Reflect  .   (no helmet)
rElec    .         Harm     .   (no cloak)
rCorr    .         Rampage  .   c - +0 pair of gloves
Will     .....                  (no boots)
Stlth    ++........             (no amulet)
HPRegen  0.06/turn              (no ring)
MPRegen  0.12/turn              (no ring)

@: no status effects
A: no striking features
a: no special abilities


You were on level 1 of the Dungeon.
You visited 1 branch of the dungeon, and saw 2 of its levels.

You collected 41 gold pieces.

Inventory:

Hand Weapons
 g - a +0 dagger (weapon)
Armour
 a - a +0 robe (worn)
 c - a +0 pair of gloves (worn)
Scrolls
 d - 2 scrolls of identify {unknown}
 e - a scroll of remove curse {unknown}
 h - a scroll of blinking {unknown}
 k - a scroll of random uselessness {unknown}
Potions
 b - a potion of magic {unknown}
 f - a potion of lignification {unknown}
 i - a potion of berserk rage {unknown}
 j - a potion of resistance {unknown}


   Skills:
 - Level 2.4 Dodging
 - Level 2.4 Stealth
 * Level 4.1 Spellcasting
 * Level 5.5 Necromancy


You had 9 spell levels left.
You knew the following spells:

 Your Spells              Type           Power        Failure   Level
a - Pain                  Necr           100%         1%          1

Your spell library contained the following spells:

 Spells                   Type           Power        Failure   Level
 Animate Skeleton         Necr           52%          1%          1
 Vampiric Draining        Necr           13%          4%          3
 Animate Dead             Necr           13%          13%         4
 Agony                    Necr           26%          36%         5


Dungeon Overview and Level Annotations

Branches:
Dungeon (2/15)

Altars:


Message History

You feel clever.
Unknown command.
Casting: Pain (safe; 1% risk of failure)
Confirm with . or Enter, or press ? or * to list all spells.
Aiming: Pain (safe; 1% risk of failure)
Press: ? - help, Shift-Dir - straight line, f - rat
Aim: a rat (chance to affect: 93%)
The rat writhes in agony.
You kill the rat!
Casting: Pain (safe; 1% risk of failure)
Confirm with . or Enter, or press ? or * to list all spells.
You don't have enough magic to cast that spell.
Unknown command.
Unknown command.
You miss the leopard gecko.
The leopard gecko is moderately wounded.
The leopard gecko misses you.
Unknown command.
The leopard gecko bites you.
You die...

...#..........##########.....####
...+..........# #.###.#..#
...#(..(......# #.# #.#..#
...'...#################.# #.#..#
...##.##.................# #.#..#
#####.##<...##...##......# #.#...
#.##.................# #.#...
#####.##################.# #.#...
...........(....@># #.# #.#.##
######......#..##l# #.# #.#...
............#..##.# #.# #.####
.####.......#..##.# #.# #....#
..# #[..)...#..##.# #.# ####.#
#.###.......#..##.# #.# #.#
............#..##.# #.# #.#
##.###......#..##.# #.# #.#
............#..##.######.## #.#


You could see a leopard gecko.

Vanquished Creatures
  An adder (D:1)
  An ooze (D:2)
  A dart slug (D:1)
  A bat (D:1)
  A giant cockroach (D:1)
  A goblin (D:1)
  5 hobgoblins
  A frilled lizard (D:1)
  2 kobolds (D:1)
  3 rats (D:1)
17 creatures vanquished.

Notes
Turn   | Place    | Note
-------+----------+-------------------------------------------
     0 | D:1      | dickylongcocking the Deep Elf Necromancer began the quest
                  | for the Orb.
     0 | D:1      | Reached XP level 1. HP: 10/10 MP: 6/6
   304 | D:1      | Reached skill level 5 in Necromancy
   644 | D:1      | Reached XP level 2. HP: 10/15 MP: 2/8
  1227 | D:1      | Reached XP level 3. HP: 1/19 MP: 1/10
  1229 | D:1      | Slain by a leopard gecko

Illustrated notes

Levels and vault maps discovered:
D:1:      wheals_arrival_shading, layout_basic
D:2:      layout_rooms

Skill      XL: |  1  2 |
---------------+-------+-----
Necromancy     | 5 |  5.5
Spellcasting   | 4 |  4.1
Dodging        | |  2.4
Stealth        | |  2.4

Action                   || total
-------------------------++-------
Melee: Unarmed           ||     1
       Dagger            ||     1
 Cast: Pain              ||    31
Armor: Robe              ||     5
Dodge: Dodged            ||    20

Table legend: (Time is in decaauts)
 A = Elapsed time spent in this place.
 B = Non-inter-level travel time spent in this place.
 C = Inter-level travel time spent in this place.
 D = Time resting spent in this place.
 E = Time spent auto-exploring this place.
 F = Levels seen in this place.
 G = Mean time per level.
                   A        B        C        D        E       F      G
               +--------+--------+--------+--------+--------+-----+--------+
         Total |   1228 |   1204 |     24 |      0 |   1105 |   2 |  614.0 |
       Dungeon |   1228 |   1204 |     24 |      0 |   1105 |   2 |  614.0 |
               +--------+--------+--------+--------+--------+-----+--------+

Top non-repeatable levels by time:
     D:1: 1221 daAuts
     D:2: 7 daAuts
